 Dungeon Crawl Stone Soup version 0.31-a0-1611-g890cdf5 (webtiles) character file.

Game seed: 13757194280480927075

124 PidgeyThePirate the Trooper (level 4, -4/37 HPs)
             Began as a Demonspawn Chaos Knight on Jan 8, 2024.
             Was a Plaything of Xom.
             Killed by divine providence
             ... invoked by an orc priest
              (14 damage)
             ... on level 4 of the Dungeon.
             The game lasted 00:04:34 (2263 turns).

PidgeyThePirate the Trooper (DsCK)                  Turns: 2263, Time: 00:04:37

Health: -4/37      AC:  6    Str: 14    XL:     4   Next: 81%
Magic:  4/4        EV:  9    Int: 19    God:    Xom [..*...]
Gold:   153        SH:  0    Dex: 12    Spells: 3/3 levels left

rFire   . . .        a - +0 hand axe (chaos)
rCold   . . .        (no shield)
rNeg    . . .        h - +0 scale mail
rPois   .            (no helmet)
rElec   .            (no cloak)
rCorr   .            (no gloves)
SInv    .            (no boots)
Will    .....        i - amulet of regeneration Stlth
                     k - +6 ring of intelligence
HPRegen 1.06/turn    (no ring)
MPRegen 0.09/turn

%: no passive effects
@: no status effects
A: foul stench 2, spiny 1
a: Renounce Religion


You were on level 4 of the Dungeon.
You worshipped Xom.
You were a toy of Xom.
You visited 1 branch of the dungeon, and saw 4 of its levels.

You collected 153 gold pieces.

Inventory:

Hand Weapons
 a - a +0 hand axe of chaos (weapon)
Armour
 b - a +2 leather armour
 h - a +0 scale mail (worn)
Jewellery
 g - an amulet of faith
 i - an amulet of regeneration (around neck)
 k - a +6 ring of intelligence (left hand)
Scrolls
 c - a scroll of butterflies
 d - a scroll of poison {unknown}
 f - 3 scrolls of teleportation {unknown}
 m - 2 scrolls of amnesia {unknown}
Potions
 e - a potion of enlightenment {unknown}
 j - 2 potions of haste {unknown}
 l - a potion of might {unknown}
 n - a potion of mutation {unknown}
 o - a potion of magic {unknown}
 p - a potion of curing {unknown}


   Skills:
 + Level 4.1 Fighting
 + Level 3.8 Axes
 + Level 2.4 Armour
 + Level 1.1 Dodging
 + Level 0.3 Stealth


You had 3 spell levels left.
You didn't know any spells.
Your spell library contained the following spells:

 Spells                   Type           Power      Damage    Failure   Level
 Cigotuvi's Dreadful Rot  Necr/Alch/Air  0%         N/A       78%         2
 Hailstorm                Conj/Ice       0%         3d5       95%         3
 Summon Ice Beast         Ice/Summ       0%         N/A       95%         3
 Ignite Poison            Fire/Alch      0%         N/A       100%        4
 Freezing Cloud           Conj/Ice/Air   0%         6-21      100%        5
 Sculpt Simulacrum        Ice/Alch       0%         N/A       100%        6


Dungeon Overview and Level Annotations

Branches:
Dungeon (4/15)
 Temple: D:4-7

Altars:
Ashenzari
Cheibriados
Dithmenos
Fedhas
Ru
Vehumet
Xom


Innate Abilities, Weirdness & Mutations

You sometimes emit foul miasma when damaged in melee.
You are partially covered in sharp spines.


Message History

The orc shouts!
An orc is nearby!
You barely miss the orc. The orc hits you with a +0 flail.
You hit the orc. You burn the orc.
You kill the orc!
You see here a +0 flail.
There is a stone staircase leading down here.
A quokka comes into view.
You hit the quokka but do no damage.
The quokka is poisoned.
The quokka bites you but does no damage.
You barely miss the quokka.
The quokka is moderately wounded.
The quokka is struck by your spines. The quokka barely misses you.
The quokka twitches its whiskers.
The quokka is struck by your spines.
You kill the quokka!
m - 2 scrolls labelled UFRINL CEOFE (gained 1)
A quokka comes into view.
A quokka is nearby!
An orc priest comes into view. It is wielding a +0 whip.
The orc priest shouts!
You hear a shout!
The orc priest calls down the wrath of Beogh upon you.
Beogh smites you!
A shower of butterflies erupts from you!
You swap places.
The quokka bites you. The quokka misses you.
An orc wizard comes into view. It is wielding a +0 dagger.
The orc priest calls down the wrath of Beogh upon you.
Beogh smites you!
* * * LOW HITPOINT WARNING * * *
The quokka is struck by your spines. The quokka closely misses you.
You hit the quokka but do no damage.
The quokka is heavily wounded.
An orc priest comes into view. It is wielding a +0 short sword.
The quokka is struck by your spines.
You kill the quokka!
The orc priest mumbles some strange prayers to Beogh against you.
Beogh smites you!
You die...
Xom chuckles heartily!

# ####### .#
......#
######.#
......#
#......#
......#
#...b..#
......#
#......##
......#
#.bb....o ..
......#
+@..b..o....
......#
#......o....
#######
#.######..#
# #........#
# #######
####.#.#.# #
#.....#
##.....#.###
####.....#
#..#.......#
...+.....#
#.##.##.##.#
####.....#
#.##..#.#


You could see 2 orc priests and an orc wizard.

Vanquished Creatures
  A sleepcap (D:4)
  4 adders (D:2)
  A dart slug (D:1)
  6 orcs
  2 endoplasms
  4 goblins
  10 hobgoblins
  3 quokkas
  8 ball pythons
  3 bats
  3 frilled lizards
  2 kobolds
  7 rats
54 creatures vanquished.

Notes
Turn   | Place    | Note
-------+----------+-------------------------------------------
     0 | D:1      | PidgeyThePirate the Demonspawn Chaos Knight began the quest
                  | for the Orb.
     0 | D:1      | Reached XP level 1. HP: 18/18 MP: 1/1
   124 | D:1      | Gained mutation: You are partially covered in sharp spines.
                  | [demonic ancestry]
   124 | D:1      | Reached XP level 2. HP: 20/24 MP: 2/2
   267 | D:1      | XOM: 3-stop teleportation journey
   273 | D:1      | XOM: divination: detect items
   674 | D:1      | XOM: god gift: club {god gift}
   705 | D:2      | XOM: cloud trail
   711 | D:2      | Gained mutation: You may rarely emit foul miasma when
                  | damaged in melee. [demonic ancestry]
   711 | D:2      | Reached XP level 3. HP: 28/30 MP: 3/3
   952 | D:2      | Found a shadowy altar of Dithmenos.
   991 | D:2      | Reached skill level 1 in Dodging
  1045 | D:2      | Reached skill level 4 in Fighting
  1227 | D:2      | XOM: scenery: create altars
  1254 | D:2      | XOM: cloud trail
  1312 | D:2      | Gained mutation: You sometimes emit foul miasma when
                  | damaged in melee. [demonic ancestry]
  1312 | D:2      | Reached XP level 4. HP: 37/37 MP: 4/4
  1425 | D:3      | Found a radiant altar of Vehumet.
  1453 | D:3      | Found a broken altar of Ashenzari.
  1453 | D:3      | Found a blossoming altar of Fedhas.
  1454 | D:3      | Found a sacrificial altar of Ru.
  1469 | D:3      | XOM: cloud trail
  1473 | D:3      | Found a snail-covered altar of Cheibriados.
  1831 | D:3      | XOM: noise
  2060 | D:4      | XOM: silly message
  2079 | D:4      | XOM: silly message
  2111 | D:4      | XOM: potion effect (invisibility)
  2260 | D:4      | XOM: butterfly on damage
  2263 | D:4      | Killed from afar by an orc priest

Illustrated notes

Levels and vault maps discovered:
D:1:      nicolae_arrival_washed_ashore, layout_basic
D:2:      layout_loops_ring, basic_altar
D:3:      layout_loops_ring, nicolae_tso_carved_into_rock, vehumet_crystals,
          nicolae_overflow_quartered_altars
D:4:      layout_basic, nicolae_shop_i_like_big_books

Skill      XL: |  1  2  3 |
---------------+----------+-----
Axes           | 3 |  3.8
Armour         | 2 |  2.4
Dodging        | 1 |  1.1
Fighting       | 4 |  4.1
Stealth        | |  0.3

Action                     |  1- 3 |  4- 6 || total
---------------------------+-------+-------++-------
  Melee: Hand axe          |    56 |    44 ||   100
 Armour: Leather armour    |    32 |       ||    32
         Scale mail        |     4 |    34 ||    38
  Dodge: Dodged            |    33 |    22 ||    55

Table legend: (Time is in decaauts)
 A = Elapsed time spent in this place.
 B = Non-inter-level travel time spent in this place.
 C = Inter-level travel time spent in this place.
 D = Time resting spent in this place.
 E = Time spent auto-exploring this place.
 F = Levels seen in this place.
 G = Mean time per level.
                   A        B        C        D        E       F      G
               +--------+--------+--------+--------+--------+-----+--------+
         Total |   2276 |   2222 |     54 |      0 |   1690 |   4 |  569.0 |
       Dungeon |   2276 |   2222 |     54 |      0 |   1690 |   4 |  569.0 |
               +--------+--------+--------+--------+--------+-----+--------+

Top non-repeatable levels by time:
     D:2: 720 daAuts
     D:1: 699 daAuts
     D:3: 558 daAuts
     D:4: 298 daAuts
